 Dungeon Crawl Stone Soup version 0.30-a0-1-g69b7b797bf (webtiles) character file.

Game seed: 17611475024496557708

72451 Bornsel the Unseen (level 15, -6/75 HPs)
             Began as a Spriggan Enchanter on Aug 19, 2022.
             Was a High Priest of Dithmenos.
             Mangled by a death yak (18 damage)
             ... on level 4 of the Lair of Beasts.
             The game lasted 00:56:19 (23802 turns).

Bornsel the Unseen (Spriggan Enchanter)            Turns: 23802, Time: 00:56:20

Health: -6/75      AC: 12    Str: 10    XL:     15   Next: 1%
Magic:  34/35      EV: 25    Int: 23    God:    Dithmenos [*****.]
Gold:   911        SH:  0    Dex: 17    Spells: 33/44 levels left

rFire   . . .      SeeInvis +    r - +8 dagger (elec)
rCold   . . .      Faith    .    (no shield)
rNeg    . . .      Spirit   .    G - +2 robe
rPois   .          Reflect  .    z - +1 hat
rElec   .          Harm     .    a - +2 cloak {Stlth+}
rCorr   .          Rampage  .    (gloves unavailable)
Will    ++...                    (boots unavailable) Stlth ****++++++
                                 h - amulet of regeneration
HPRegen 1.02/turn                O - +6 ring of intelligence
MPRegen 0.24/turn                V - +4 ring of protection

@: wreathed by umbra, very quick
A: very small, no large weapons, unfitting armour, see invisible, speed 3
a: Renounce Religion, Shadow Step, Shadow Form


You were on level 4 of the Lair of Beasts.
You worshipped Dithmenos.
Dithmenos was extremely pleased with you.
You visited 2 branches of the dungeon, and saw 20 of its levels.

You collected 1649 gold pieces.
You spent 738 gold pieces at shops.

Inventory:

Hand Weapons
 e - a +5 dagger of venom
 r - a +8 dagger of electrocution (weapon)
Missiles
 i - 2 throwing nets (quivered)
 o - 2 curare-tipped darts
 I - 5 atropa-tipped darts
Armour
 a - a +2 cloak of stealth (worn)
 z - a +1 hat (worn)
 G - a +2 robe (worn)
Jewellery
 g - a ring of magical power
 h - an amulet of regeneration (around neck)
 n - a ring of positive energy
 E - a ring of flight
 H - a ring of willpower
 O - a +6 ring of intelligence (left hand)
 P - a ring of ice
 R - a ring of fire
 T - a ring of ice
 V - a +4 ring of protection (right hand)
Wands
 m - a wand of polymorph (4)
 t - a wand of digging (15)
 B - a wand of paralysis (16)
 J - a wand of mindburst (16)
 S - a wand of flame (25)
 U - a wand of iceblast (3)
Scrolls
 d - 2 scrolls of torment
 f - a scroll of vulnerability
 s - 6 scrolls of amnesia
 v - 5 scrolls of magic mapping
 x - 12 scrolls of teleportation
 y - 3 scrolls of immolation
 C - a scroll of summoning
 D - 4 scrolls of fog
 F - 5 scrolls of identify
 K - 2 scrolls of blinking
 Q - 2 scrolls of fear
Potions
 b - 2 potions of cancellation
 c - 2 potions of invisibility
 j - 14 potions of curing
 k - 4 potions of magic
 l - 3 potions of haste
 p - 4 potions of flight
 q - 6 potions of brilliance
 u - a potion of berserk rage
 w - 3 potions of might
 A - 2 potions of ambrosia
 L - 5 potions of heal wounds
 M - 2 potions of lignification
Miscellaneous
 N - a box of beasts


   Skills:
 + Level 7.3 Fighting
 + Level 9.7 Short Blades
 + Level 12.0 Dodging
 + Level 18.8 Stealth
 + Level 15.3 Spellcasting
 * Level 16.9 Hexes


You had 33 spell levels left.
You knew the following spells:

 Your Spells              Type           Power      Damage    Failure   Level
a - Ensorcelled Hibernat  Hex/Ice        100%       N/A       1%          2
b - Tukima's Dance        Hex            77%        N/A       0%          3
c - Dazzling Flash        Conj/Hex       100%       N/A       1%          3
d - Confusing Touch       Hex            77%        N/A       0%          3

Your spell library contained the following spells:

 Spells                   Type           Power      Damage    Failure   Level
 Slow                     Hex            100%       N/A       0%          1
 Silence                  Hex/Air        27%        N/A       2%          5
 Summon Mana Viper        Hex/Summ       54%        N/A       2%          5
 Beastly Appendage        Tmut           34%        N/A       3%          1
 Magic Dart               Conj           68%        1d6       3%          1
 Sting                    Tmut/Pois      68%        1d6       3%          1
 Call Imp                 Summ           17%        N/A       4%          2
 Poisonous Vapours        Pois/Air       34%        N/A       4%          2
 Scorch                   Fire           34%        2d6       4%          2
 Static Discharge         Conj/Air       17%        3-6/arc   4%          2
 Sublimation of Blood     Necr           17%        N/A       4%          2
 Wereblood                Tmut           17%        N/A       4%          2
 Mephitic Cloud           Conj/Pois/Air  17%        N/A       10%         3
 Spider Form              Tmut/Pois      17%        N/A       10%         3
 Vampiric Draining        Necr           17%        2d7       10%         3
 Dispel Undead            Necr           17%        3d10      32%         4
 Flame Wave               Conj/Fire      17%        2d7       32%         4
 Olgreb's Toxic Radiance  Pois           17%        N/A       32%         4
 Passage of Golubria      Tloc           17%        N/A       32%         4
 Petrify                  Tmut/Erth      17%        N/A       32%         4
 Sticky Flame             Conj/Fire      17%        2d4       32%         4
 Summon Ice Beast         Ice/Summ       17%        N/A       32%         4
 Summon Lightning Spire   Summ/Air       17%        N/A       32%         4
 Alistair's Intoxication  Tmut/Pois      11%        N/A       67%         5
 Borgnjor's Vile Clutch   Necr/Erth      8%         N/A       67%         5
 Fireball                 Conj/Fire      8%         3d6       67%         5
 Irradiate                Conj/Tmut      8%         3d14      67%         5
 Iskenderun's Battlesphe  Conj           17%        2d7       67%         5
 Summon Forest            Summ/Tloc      8%         N/A       67%         5
 Conjure Ball Lightning   Conj/Air       8%         3x3d6     99%         6
 Eringya's Noxious Bog    Tmut/Pois      8%         N/A       99%         6
 Starburst                Conj/Fire      8%         6d4       99%         6
 Summon Cactus Giant      Summ           8%         N/A       99%         6
 Monstrous Menagerie      Summ           8%         N/A       100%        7
 Orb of Destruction       Conj           8%         9d6       100%        7
 Storm Form               Tmut/Air       8%         N/A       100%        7
 Ignition                 Fire           8%         3d5       100%        8
 Lehudib's Crystal Spear  Conj/Erth      8%         10d4      100%        8
 Maxwell's Capacitive Co  Air            8%         ∞         100%        8


Dungeon Overview and Level Annotations

Branches:
Dungeon (15/15)            Temple (0/1) D:5            Lair (5/5) D:9
  Swamp (0/4) Lair:2       Spider (0/4) Lair:3        Slime (0/5) Lair:4
    Orc (0/2) D:10         Vaults (0/5) D:13         Depths (0/4) D:15

Altars:
Ashenzari
Dithmenos
Elyvilon
Fedhas
Hepliaklqana
Kikubaaqudgha
Makhleb
Nemelex Xobeh
Qazlal
Ru
Uskayaw
Vehumet
Wu Jian
Xom
Yredelemnul
The Shining One
Jiyva

Shops:
D:5 [?   D:12 ***:(!?

Annotations:
D:5 3 runed translucent doors, LucemDeus's ghost, amateur HOFi
D:8 1 runed translucent door


Innate Abilities, Weirdness & Mutations

You are very small and have problems with some larger weapons.
You are too small for most types of armour.
You have supernaturally acute eyesight. (SInv)
You cover ground extremely quickly. (Speed+++)


Message History

Press: ? - help, Dir - look around, f - activate The death yak is dazzled.
The death yak completely misses you. x2
You catch the helpless death yak completely off-guard!
You spit the death yak like a pig!!!
Lightning courses through the death yak!!
The death yak is almost dead.
The death yak completely misses you. The death yak gores you.
You hit the death yak but do no damage.
The death yak is almost dead.
Your shadow barely misses the death yak.
You hit the death yak but do no damage.
The death yak is almost dead.
Your shadow hits the death yak but does no damage.
The death yak gores you! The death yak gores you.
You barely miss the death yak.
The death yak is almost dead.
Your shadow hits the death yak but does no damage.
You hit the death yak but do no damage.
The death yak is almost dead.
The death yak closely misses you. The death yak completely misses you.
You hit the death yak but do no damage.
The death yak is almost dead.
You hit the death yak.
The death yak is almost dead.
Your shadow hits the death yak but does no damage.
The death yak is no longer blind.
The death yak gores you! x2
There are no items here.
Unknown command.
Unknown command.
Unknown command.
Unknown command.
The death yak barely misses you. The death yak gores you!
* * * LOW HITPOINT WARNING * * *
You climb upwards.
There is a stone staircase leading down here.
Unknown command.
Unknown command.
The death yak closely misses you. The death yak gores you!!
You die...

.................................
.................................
.................................
.................................
.##......######.##...............
####.....# ######P.....#####.....
..##.....###.#####.....###.##.#..
...#......##....##......#.....#..
.........###....@P.....#.........
..P......# #..YY..............#..
.........####.#.##.....###.#.....
####.....P# ###..#.....#.##.P..P.
###......#####.##................
.................................
.................................
.................................
.......................#.##.#....


You could see 2 death yaks.

Vanquished Creatures
  Kirke (D:15)
  A frost giant (D:15)
  A fire dragon (D:12)
  4 boulder beetles
  5 hydras
  Erolcha (D:9)
  2 dancing weapons (D:13)
  6 centaur warriors
  A catoblepas (Lair:2)
  3 two-headed ogres
  6 tengu warriors
  6 death yaks
  Nergalle (D:12)
  A skeletal warrior (D:13)
  A deep elf archer (D:13)
  4 deep elf pyromancers
  8 ugly things
  7 cyclopes
  2 manticores
  6 elephants (Lair:3)
  3 black mambas
  3 torpor snails
  10 cane toads
  3 orange demons (D:11)
  An unseen horror (D:13)
  7 gargoyles
  2 kobold demonologists (D:12)
  Maggie (D:7)
  2 rime drakes
  An efreet (D:12)
  5 komodo dragons
  2 tengu conjurers (D:15)
  7 yaktaurs (D:15)
  7 trolls
  3 red devils (D:11)
  4 polar bears
  A tyrant leech (Lair:2)
  4 blink frogs (Lair:3)
  6 dream sheep (Lair:5)
  2 jumping spiders (Lair:3)
  8 slime creatures
  Sigmund (D:5)
  37 yaks
  A vampire (D:12)
  2 water elementals
  An air elemental (D:14)
  4 wyverns
  2 culicivoras (Lair:3)
  5 basilisks
  Grum (D:9)
  3 wraiths
  6 vampire mosquitoes
  4 redbacks (Lair:3)
  4 steam dragons
  Menkaure (D:5)
  10 water moccasins
  9 sky beasts
  A black bear (D:7)
  2 orc warriors (D:7)
  An ice beast (D:8)
  2 ogres (D:6)
  3 centaurs
  19 wolves
  2 phantoms
  5 kobold brigands
  Blork the orc (D:6)
  11 bullfrogs
  3 scorpions
  A gnoll sergeant (D:10)
  3 wights (D:9)
  Dowan (D:7)
  10 killer bees
  8 electric eels
  A howler monkey (D:9)
  4 lava snakes (Lair:1)
  7 orc priests
  3 jellies
  Crazy Yiuf (D:5)
  4 hounds
  2 iguanas (D:5)
  6 hell rats (Lair:3)
  7 orc wizards
  6 gnolls (D:3)
  5 adders
  2 white imps
  A dart slug (D:2)
  29 orcs
  A bat (D:1)
  6 endoplasms
  7 giant cockroaches
  8 goblins
  11 hobgoblins
  46 kobolds
  A quokka (D:1)
  5 ball pythons
  5 frilled lizards (D:1)
  4 rats (D:3)
485 creatures vanquished.

Vanquished Creatures (collateral kills)
  A two-headed ogre (D:12)
  Duvessa (D:7)
  2 wights (D:9)
  5 gnolls
  A worm (D:5)
  2 kobolds (D:3)
12 creatures vanquished.

Vanquished Creatures (others)
  8 dancing weapons
  4 humans (D:15)
  32 fungi
  31 plants
75 creatures vanquished.

Grand Total: 572 creatures vanquished

Notes
Turn   | Place    | Note
-------+----------+-------------------------------------------
     0 | D:1      | Bornsel the Spriggan Enchanter began the quest for the Orb.
     0 | D:1      | Reached XP level 1. HP: 9/9 MP: 5/5
   101 | D:1      | Reached XP level 2. HP: 13/13 MP: 7/7
   104 | D:1      | Learned a level 2 spell: Ensorcelled Hibernation
   790 | D:1      | Found a faded altar of an unknown god.
   964 | D:2      | Reached XP level 3. HP: 15/16 MP: 9/9
   968 | D:2      | Learned a level 3 spell: Tukima's Dance
   972 | D:2      | Learned a level 3 spell: Confusing Touch
  1647 | D:3      | Found a sacrificial altar of Ru.
  1713 | D:3      | Found a shimmering altar of Xom.
  1782 | D:3      | Reached skill level 5 in Hexes
  1782 | D:3      | Reached XP level 4. HP: 11/21 MP: 11/11
  1791 | D:3      | Reached skill level 5 in Spellcasting
  1791 | D:3      | Reached XP level 5. HP: 10/24 MP: 13/13
  2378 | D:3      | Reached skill level 5 in Stealth
  2597 | D:3      | Reached XP level 6. HP: 16/28 MP: 15/15
  2841 | D:3      | Reached skill level 6 in Stealth
  3271 | D:3      | Reached XP level 7. HP: 21/32 MP: 6/17
  3511 | D:3      | Learned a level 3 spell: Dazzling Flash
  3672 | D:3      | Found a stormy altar of Qazlal.
  3740 | D:3      | Found an ornate altar of the Wu Jian Council.
  4117 | D:4      | Found a shadowy altar of Dithmenos.
  4124 | D:4      | Became a worshipper of Dithmenos the Shadowed
  4169 | D:4      | Found a blossoming altar of Fedhas.
  4453 | D:5      | Entered Level 5 of the Dungeon
  4453 | D:5      | Found a radiant altar of Vehumet.
  4556 | D:5      | Found Ebuykhar's Magic Scroll Shoppe.
  4558 | D:5      | Noticed Menkaure
  4653 | D:5      | HP: 1/32 [Menkaure (18)]
  4655 | D:5      | Killed Menkaure
  4656 | D:5      | Reached skill level 7 in Stealth
  4904 | D:5      | Found Geaf's Antique Armour Boutique.
  4964 | D:5      | Bought a scroll of identify for 26 gold pieces
  4964 | D:5      | Bought a scroll of identify for 26 gold pieces
  4964 | D:5      | Bought a scroll of magic mapping for 97 gold pieces
  5113 | D:5      | Noticed Sigmund
  5117 | D:5      | Found a staircase to the Ecumenical Temple.
  5125 | D:5      | Killed Sigmund
  5126 | D:5      | Reached skill level 8 in Stealth
  5283 | D:5      | Reached XP level 8. HP: 29/36 MP: 20/20
  5419 | D:5      | Found a runed translucent gate.
  5420 | D:5      | Found a runed translucent gate.
  5420 | D:5      | Found a runed translucent gate.
  5420 | D:5      | Noticed LucemDeus's ghost (amateur HOFi)
  5428 | D:5      | Identified the +5 ring mail "Harhatra" {Str-4 Int+3 SInv
                  | Stlth+}
  5908 | D:5      | Found a broken altar of Ashenzari.
  5908 | D:5      | Found a sparkling altar of Nemelex Xobeh.
  5909 | D:5      | Found a hide-covered altar of Uskayaw.
  5913 | D:5      | Reached skill level 9 in Stealth
  6268 | D:6      | Noticed Blork the orc
  6283 | D:6      | Killed Blork the orc
  6397 | D:6      | Reached skill level 10 in Stealth
  6613 | D:6      | Identified the +5 flail "Demonbane" {flame, rC+}
  6775 | D:6      | Reached * piety under Dithmenos
  6952 | D:5      | Reached XP level 9. HP: 25/39 MP: 22/22
  7481 | D:6      | Noticed a manticore
  7495 | D:6      | Killed a manticore
  7496 | D:6      | Reached skill level 11 in Stealth
  7558 | D:6      | Found a basalt altar of Yredelemnul.
  7583 | D:6      | Reached skill level 10 in Hexes
  8161 | D:7      | Reached skill level 10 in Spellcasting
  8181 | D:7      | Found an ancient bone altar of Kikubaaqudgha.
  8190 | D:7      | Reached skill level 12 in Stealth
  8339 | D:7      | Noticed Maggie
  8349 | D:7      | Killed Maggie
  9113 | D:7      | Noticed Dowan
  9119 | D:7      | Noticed Duvessa
  9126 | D:7      | Killed Duvessa
  9134 | D:7      | Killed Dowan
  9135 | D:7      | Reached XP level 10. HP: 23/44 MP: 25/25
  9416 | D:8      | Reached ** piety under Dithmenos
  9435 | D:8      | Reached skill level 13 in Stealth
  9873 | D:8      | Found a runed translucent door.
  9874 | D:8      | Found a burning altar of Makhleb.
  9874 | D:8      | Noticed a sixfirhy
  9909 | D:8      | Found a white marble altar of Elyvilon.
 10179 | D:8      | Noticed a gargoyle
 10181 | D:8      | Killed a gargoyle
 10186 | D:8      | Noticed a gargoyle
 10188 | D:8      | Killed a gargoyle
 10208 | D:8      | Noticed a gargoyle
 10210 | D:8      | Killed a gargoyle
 10216 | D:8      | Noticed a gargoyle
 10218 | D:8      | Killed a gargoyle
 10227 | D:8      | Noticed a gargoyle
 10237 | D:8      | HP: 1/44 [gargoyle/+0 flail (17)]
 10247 | D:8      | Killed a gargoyle
 10535 | D:5      | Bought a scroll of enchant weapon for 97 gold pieces
 10655 | D:5      | Found a runed translucent door.
 10656 | D:5      | Noticed Crazy Yiuf
 10663 | D:5      | Killed Crazy Yiuf
 10874 | D:9      | Found a staircase to the Lair.
 10905 | D:9      | Reached skill level 14 in Stealth
 10989 | D:9      | Reached skill level 1 in Fighting
 11228 | D:9      | Found a hazy altar of Hepliaklqana.
 11582 | D:9      | Reached XP level 11. HP: 50/50 MP: 27/27
 11588 | D:9      | Reached *** piety under Dithmenos
 11670 | D:9      | Noticed Erolcha
 11673 | D:9      | Killed Erolcha
 11701 | D:9      | Noticed Grum
 11701 | D:9      | Found a glowing golden altar of the Shining One.
 11713 | D:9      | Killed Grum
 11721 | D:9      | Reached skill level 5 in Dodging
 11998 | D:10     | Entered Level 10 of the Dungeon
 12025 | D:10     | Noticed a two-headed ogre
 12032 | D:10     | Killed a two-headed ogre
 12405 | D:10     | Found a staircase to the Orcish Mines.
 12773 | D:10     | Reached skill level 15 in Stealth
 13965 | D:12     | Found Zaenewn's Antique Weapon Emporium.
 13974 | D:12     | Reached skill level 5 in Short Blades
 14021 | D:12     | Found Caipuaz's General Store.
 14024 | D:12     | Bought a scroll of immolation for 64 gold pieces
 14024 | D:12     | Bought a scroll of blinking for 120 gold pieces
 14168 | D:12     | Found Ytit's Distillery.
 14176 | D:12     | Noticed a boulder beetle
 14180 | D:12     | Killed a boulder beetle
 14205 | D:12     | Noticed a deep elf pyromancer
 14212 | D:12     | Killed a deep elf pyromancer
 14242 | D:12     | Bought a potion of heal wounds for 55 gold pieces
 14242 | D:12     | Bought a potion of might for 44 gold pieces
 14242 | D:12     | Bought a potion of curing for 33 gold pieces
 14242 | D:12     | Bought a potion of invisibility for 88 gold pieces
 14242 | D:12     | Bought a potion of magic for 88 gold pieces
 14264 | D:12     | Reached XP level 12. HP: 58/58 MP: 29/29
 14374 | D:12     | Noticed a boulder beetle
 14381 | D:12     | Found Dinuul's Magic Scroll Shoppe.
 14381 | D:12     | Noticed a two-headed ogre
 14407 | D:12     | Killed a boulder beetle
 14439 | D:12     | Killed a two-headed ogre
 14439 | D:12     | Reached **** piety under Dithmenos
 14665 | D:12     | Noticed a two-headed ogre
 14678 | D:12     | Killed a two-headed ogre
 14779 | D:12     | Reached skill level 16 in Stealth
 14935 | D:12     | Identified the +0 helmet of the Baker {rPois rN+ Stlth-}
 15285 | D:12     | Noticed a fire dragon
 15318 | D:12     | Killed a fire dragon
 15325 | D:12     | Found Foelil's Fabulous Fripperies.
 15325 | D:12     | Noticed Nergalle
 15326 | D:12     | Found Netigg's Mayhem Merchandise.
 15362 | D:12     | Killed Nergalle
 15410 | D:12     | Found Oforiryem's Book Shoppe.
 15941 | D:13     | Found a gate to the Vaults.
 15941 | D:13     | Noticed a centaur warrior
 16108 | Lair:1   | Entered Level 1 of the Lair of Beasts
 16409 | Lair:1   | Noticed a seven-headed hydra
 16425 | Lair:1   | Killed a seven-headed hydra
 16605 | Lair:1   | Noticed a six-headed hydra
 16610 | Lair:1   | Killed a six-headed hydra
 16611 | Lair:1   | Reached skill level 5 in Fighting
 17130 | Lair:2   | Noticed a catoblepas
 17138 | Lair:2   | Killed a catoblepas
 17474 | Lair:2   | Reached XP level 13. HP: 38/63 MP: 31/31
 17851 | Lair:2   | Found a staircase to the Swamp.
 18072 | Lair:3   | Found a hole to the Spider Nest.
 18169 | Lair:3   | Reached skill level 17 in Stealth
 18872 | Lair:4   | Found a staircase to the Slime Pits.
 18873 | Lair:4   | Found a viscous altar of Jiyva.
 19171 | Lair:5   | Entered Level 5 of the Lair of Beasts
 19508 | Lair:5   | Reached skill level 10 in Dodging
 19731 | Lair:3   | Reached skill level 15 in Hexes
 19859 | Lair:3   | Reached ***** piety under Dithmenos
 21039 | D:13     | Reached XP level 14. HP: 70/70 MP: 33/33
 21105 | D:13     | Reached skill level 18 in Stealth
 21976 | D:15     | Entered Level 15 of the Dungeon
 22107 | D:15     | Noticed Kirke
 22109 | D:15     | Killed Kirke
 22212 | D:15     | Reached skill level 15 in Spellcasting
 22416 | D:15     | Found a staircase to the Depths.
 22416 | D:15     | Noticed a frost giant
 22419 | D:15     | Killed a frost giant
 23702 | Lair:4   | Reached XP level 15. HP: 36/75 MP: 16/35
 23802 | Lair:4   | Mangled by a death yak

Illustrated notes

Levels and vault maps discovered:
D:1:      nzn_arrival_depleted_hourglass, layout_basic,
          hellmonk_ecumenical_altar_slurped_away
D:2:      layout_loops_cross, minmay_misc_feat_four_crosses
D:3:      minmay_goblin_kobold_castle, layout_rooms,
          nicolae_ru_sacrificial_ziggurat, xom_teletrap_fun,
          nicolae_qazlal_general_emergency, pdpol_wu_jian_five_deadly_venoms
D:4:      layout_basic, grunt_dithmenos_smoke_and_mirrors, fedhas_altar_2
D:5:      layout_loops_cross, minitemple, minmay_temple_entry_statues_pillars,
          gammafunk_ghost_nasty_kobolds, serial_shops,
          nicolae_shop_advertising_works [nicolae_subvault_shop_adworks],
          nicolae_shop_statue_plus, grunt_ministairs_6,
          minmay_misc_feat_columns, uniq_sigmund, uniq_crazy_yiuf_cottage,
          uniq_menkaure
D:6:      layout_loops_ring, mainiacjoe_overflow_boulevard, grunt_potential,
          uniq_blork_the_orc
D:7:      layout_loops_ring, kiku_gazebo_pond_becter, serial_aquarium,
          aquarium_bridge_straight [aquarium_subvault_bridge,
          aquarium_subvault_balcony, aquarium_subvault_bridge,
          aquarium_subvault_window], aquarium_bridge_square
          [aquarium_subvault_bridge, aquarium_subvault_wall,
          aquarium_subvault_bridge, aquarium_subvault_wall], aquarium_window_2,
          aquarium_window_2, aquarium_window_3, aquarium_view_2b,
          aquarium_pool_2, serial_park_tiny_1, dreamdust_mushroom_princess,
          hangedman_decor_opposing, uniq_maggie, uniq_duvessa
D:8:      cheibrodos_statue_roulette, layout_loops_ring,
          nzn_makhleb_speed_demon, general_overflow_altar
D:9:      layout_loops_ring, mainiacjoe_overflow_concentric_impassable,
          mainiacjoe_overflow_catwalk, david_lair_shrubbed, item_on_display_a,
          uniq_erolcha, uniq_grum
D:10:     layout_irregular_city, orc_0_dummy
D:11:     layout_grid_maze, minmay_beelzebubs_servants
D:12:     layout_basic, serial_shops, shop_fountains, shop, shop,
          nicolae_shop_waterfront, nicolae_shop_statue_plus, minmay_shop_mayhem,
          nicolae_alphabet_shops, hangedman_misty_isle, uniq_nergalle
D:13:     layout_long_grid, erik_vaults_1, nzn_random_ring
D:14:     layout_cave_pools, nicolae_figureground_pulse,
          dreamdust_looks_like_rain
D:15:     grunt_enter_depths_snipers, layout_basic, roderic_cross_of_infinity,
          water_maze_lemuel, uniq_kirke
Lair:1:   layout_cave_pods, serial_bayou, serial_bayou_lagoon_b,
          serial_bayou_shore_b, serial_bayou_ford_a, serial_bayou_pond_c,
          columned_hall_lemuel, nicolae_lair_liquid_snakes
Lair:2:   layout_hall_layers, minmay_swamp_entry_worms, grunt_megastairs_1,
          lemuel_fruit_fields
Lair:3:   layout_regular_city, nicolae_spider_entry_tight_spaces
Lair:4:   layout_regular_city, slime_entry_1
Lair:5:   grunt_lair_end_beastmaster, layout_regular_city,
          chequers_serial_rivers_micro_c, serial_bayou_pond_a

Skill      XL: |  1  2  3  4  5  6  7  8  9 10 11 12 13 14 |
---------------+-------------------------------------------+-----
Spellcasting   | 3 4 5 6 7 8 10 11 12 13 14 15 | 15.3
Hexes          | 4 5 6 7 9 10 12 13 14 15 16 | 16.9
Stealth        | 5 6 8 10 12 14 15 16 17 18 | 18.8
Dodging        | 4 6 9 10 12 | 12.0
Fighting       | 1 3 5 6 7 |  7.3
Short Blades   | 2 5 7 8 9 |  9.7

Action                   |  1- 3 |  4- 6 |  7- 9 | 10-12 | 13-15 || total
-------------------------+-------+-------+-------+-------+-------++-------
Melee: Dagger            |    91 |   115 |   177 |   323 |   327 ||  1033
       Punch             |     1 |       |     1 |     8 |     3 ||    13
 Cast: Ensorcelled Hiber |     2 |    13 |    35 |    95 |   121 ||   266
       Tukima's Dance    |       |    11 |     8 |    34 |     6 ||    59
       Confusing Touch   |       |       |     6 |    10 |     7 ||    23
       Dazzling Flash    |       |       |       |       |    26 ||    26
Invok: Shadow Step       |       |       |       |     1 |     5 ||     6
Evoke: Wand              |       |       |       |    13 |       ||    13
       Box of beasts     |       |       |       |     1 |       ||     1
  Use: Scroll            |     8 |     3 |     9 |    15 |     3 ||    38
       Potion            |     2 |       |     3 |     5 |     5 ||    15
 Stab: Sleeping          |    16 |    10 |    37 |    86 |   148 ||   297
       Invisible         |       |     1 |       |     2 |    10 ||    13
       Confused          |       |       |     5 |    11 |     6 ||    22
       Distracted        |       |       |       |     2 |     3 ||     5
Armor: Robe              |     5 |    13 |    11 |    36 |    46 ||   111
Dodge: Dodged            |    49 |    83 |   122 |   254 |   276 ||   784

Table legend: (Time is in decaauts)
 A = Elapsed time spent in this place.
 B = Non-inter-level travel time spent in this place.
 C = Inter-level travel time spent in this place.
 D = Time resting spent in this place.
 E = Time spent auto-exploring this place.
 F = Levels seen in this place.
 G = Mean time per level.
                   A        B        C        D        E       F      G
               +--------+--------+--------+--------+--------+-----+--------+
         Total |  17542 |  16652 |    890 |   1827 |  11308 |  20 |  877.1 |
       Dungeon |  13919 |  13166 |    753 |   1465 |   9187 |  15 |  927.9 |
          Lair |   3623 |   3486 |    137 |    361 |   2121 |   5 |  724.6 |
               +--------+--------+--------+--------+--------+-----+--------+

Top non-repeatable levels by time:
     D:5: 1967 daAuts
     D:3: 1757 daAuts
    D:12: 1421 daAuts
     D:7: 1140 daAuts
     D:6: 1079 daAuts
     D:9: 986 daAuts
  Lair:3: 964 daAuts
     D:8: 861 daAuts
  Lair:2: 836 daAuts
    D:13: 824 daAuts
    D:11: 816 daAuts
  Lair:1: 702 daAuts
     D:2: 682 daAuts
  Lair:4: 668 daAuts
    D:10: 602 daAuts
